 Dungeon Crawl Stone Soup version 0.22-a0-83-g218e7ff (webtiles) character file.

98 wvc the Twirler (level 4, -2/38 HPs)
             Began as a Naga Wanderer on Jan 19, 2018.
             Slain by Grinder (8 damage)
             ... on level 3 of the Dungeon.
             The game lasted 00:04:05 (3029 turns).

wvc the Twirler (Naga Wanderer)                     Turns: 3029, Time: 00:04:06

Health: -2/38      AC:  3    Str: 12    XL:     4   Next: 71%
Magic:  7/7        EV:  7    Int: 16    God:
Gold:   30         SH:  0    Dex: 10    Spells: 7/7 levels left

rFire    . . .     SeeInvis +   b - +0 quarterstaff
rCold    . . .     Gourm    .   (shield currently unavailable)
rNeg     . . .     Faith    .   i - +0 ring mail
rPois    +         Spirit   .   (no helmet)
rElec    .         Reflect  .   (no cloak)
rCorr    .         Harm     .   (no gloves)
MR       .....                  (no barding)
Stlth    +.........             (no amulet)
HPRegen  0.12/turn              (no ring)
MPRegen  0.10/turn              (no ring)

@: very slow
A: large, see invisible, deformed body, poison resistance, slowness 2, slow
metabolism 1, spit poison 1, AC +1
a: Spit Poison


You were on level 3 of the Dungeon.
You were not hungry.

You visited 1 branch of the dungeon, and saw 3 of its levels.

You collected 30 gold pieces.

Inventory:

Hand Weapons
 b - a +0 quarterstaff (weapon)
Missiles
 j - 7 curare-tipped needles
 m - a javelin (quivered)
Armour
 i - a +0 ring mail (worn)
Scrolls
 d - a scroll of fear {unknown}
 e - 4 scrolls of identify {unknown}
 g - a scroll of immolation {unknown}
 l - a scroll of remove curse {unknown}
Potions
 c - 2 potions of lignification
Books
 a - a Young Poisoner's Handbook

   Spells                             Type                      Level
   a - Sting                          Conjuration/Poison           1
   b - Poisonous Vapours              Poison/Air                   2
   c - Mephitic Cloud                 Conjuration/Poison/Air       3
   d - Olgreb's Toxic Radiance        Poison                       4
   e - Venom Bolt                     Conjuration/Poison           5
Comestibles
 f - 8 rations


   Skills:
 - Level 1.2 Fighting
   Level 3.0 Long Blades
 + Level 3.6 Staves
 - Level 1.0 Throwing
 - Level 0.1 Dodging
 - Level 1.5 Stealth
 - Level 2.4 Spellcasting
   Level 1.3 Poison Magic
   Level 1.0 Evocations


You had 7 spell levels left.
You didn't know any spells.

Dungeon Overview and Level Annotations

Branches:
Dungeon (3/15)

Altars:
Gozag

Annotations:
D:3 Grinder


Innate Abilities, Weirdness & Mutations

You cannot wear boots.
Your serpentine skin is tough. (AC +1)
You have supernaturally acute eyesight. (SInv)
Armour fits poorly on your strangely shaped body.
Your system is resistant to poisons. (rPois)
You cover ground very slowly.
You have a slow metabolism.
You can spit poison.


Message History

Grinder looks more healthy.
Grinder closely misses you.
Press: ? - help, Shift-Dir - straight line, f/p - Grinder
Aim: Grinder (severely wounded)
The splash of poison misses Grinder.
You feel slightly more hungry. Grinder barely misses you.
You closely miss Grinder.
Grinder is severely wounded.
Grinder gestures at you. You resist with significant effort.
You hit Grinder.
Grinder is severely wounded.
You have got your breath back.
Grinder closely misses you.
You closely miss Grinder.
Grinder is severely wounded.
Grinder hits you.
* * * LOW HITPOINT WARNING * * *
Grinder says, "Mostly I couldn't keep them alive."
Grinder hits you!
You die...

#.#.###########.#.#
#.#.<...........#.#
#......########.#.#
####.#..........#.#
#...########.#.#
##### #.#.#
#...##.# #>5...%#
##@##### #.# #(#
#.# #(# #(# #(# #.#


You could see Grinder.

Vanquished Creatures
  4 gnolls
  An ooze (D:2)
  A worm (D:2)
  3 dart slugs
  2 leopard geckos (D:1)
  3 ball pythons
  6 bats (D:1)
  3 giant cockroaches
  4 hobgoblins
  3 jackals
  2 kobolds (D:1)
  3 frilled lizards
  4 goblins
  8 rats
47 creatures vanquished.

Notes
Turn   | Place    | Note
-------+----------+-------------------------------------------
     0 | D:1      | wvc the Naga Wanderer began the quest for the Orb.
     0 | D:1      | wvc set off with: a Young Poisoner's Handbook, a +0 quarterstaff, a potion of lignification, a +0 robe, a ration
     0 | D:1      | Reached XP level 1. HP: 18/18 MP: 3/3
   233 | D:1      | Reached XP level 2. HP: 22/25 MP: 5/5
   454 | D:1      | Reached skill level 1 in Staves
   882 | D:1      | Reached XP level 3. HP: 24/31 MP: 6/6
  1472 | D:1      | HP: 1/31 [gnoll/spear (7)]
  1474 | D:1      | Reached XP level 4. HP: 1/38 MP: 7/7
  2646 | D:2      | Found an opulent altar of Gozag.
  3001 | D:3      | Noticed Grinder
  3029 | D:3      | Slain by Grinder

Vault maps used:
D:1:      scummos_arrival_checkerplants, serial_glass, glass_columns_b,
          glass_columns_a, st_stairs_4
D:2:      grunt_gozag_statues
D:3:      first_ration, gup_sewer_entry_glass, uniq_grinder

Skill      XL: |  1  2  3  4 |
---------------+-------------+-----
Staves         | 1 2 3 |  3.6
Fighting       | |  1.2
Long Blades    | |  3.0
Throwing       | |  1.0
Dodging        | |  0.1
Stealth        | |  1.5
Spellcasting   | |  2.4
Poison Magic   | |  1.3
Evocations     | |  1.0

Action                   |  1- 3 |  4- 6 || total
-------------------------+-------+-------++-------
Melee: Quarterstaff      |    88 |    72 ||   160
Throw: Javelin           |       |     6 ||     6
 Abil: Spit Poison       |     6 |     5 ||    11
  Use: Potion            |     1 |     2 ||     3
  Eat: Chunk             |     1 |     4 ||     5
Armor: Robe              |    24 |       ||    24
       Ring mail         |    10 |    23 ||    33
       Skin              |     1 |       ||     1
Dodge: Dodged            |    80 |    22 ||   102

Table legend:
 A = Spawn XP
 B = Non-spawn XP
 C = Spawn XP percentage of total XP
 D = Spawn monster count
 E = Non-spawn monster count
 F = Spawn count percentage of total count
 G = Total turns spent on level
                    A         B        C        D         E        F      G
               +---------+---------+-------+---------+---------+-------+---------
         Total |       0 |     141 |   0.0 |       0 |      47 |   0.0 |  3029
               +---------+---------+-------+---------+---------+-------+---------
           D:1 |       0 |      82 |   0.0 |       0 |      27 |   0.0 |  1759
           D:2 |       0 |      55 |   0.0 |       0 |      19 |   0.0 |  1124
           D:3 |       0 |       4 |   0.0 |       0 |       1 |   0.0 |   146
               +---------+---------+-------+---------+---------+-------+---------
